Map: Rhoskallian EE

Players

ToXic

  • Race: Zerg Zerg
  • League: Gold
  • Spawn Location: 5:00

PiterFuentes

  • Race: Zerg Zerg
  • League: Gold
  • Spawn Location: 6:00

tigro - Winner!

  • Race: Terran Terran
  • League: Bronze
  • Spawn Location: 11:00

MrFercho - Winner!

  • Race: Zerg Zerg
  • League: Silver
  • Spawn Location: 12:00

VOD

Have the link to the VOD?

Description

Time

  • Played on: July 10, 2020, 10:52 p.m.
  • Length: 21:26
Show
View Real Time Build Order
Export as new Build Order

ToXic Zerg 

Build Orders: Pool First 

Get SALT Encoding   

  12  0:01  Drone  
  13  0:09  Drone  
  14  0:27  Spawning Pool  
  13  0:32  Drone  
  14  0:40  Overlord  
  14  0:58  Extractor  
  14  1:00  Drone x2  
  14  1:02  Drone  
  16  1:14  Queen  
  16  1:17  Overlord  
  18  1:42  Zergling x4  
  20  1:48  Zergling x2  
  21  2:13  Zergling x2  
  21  2:14  Zergling x2  
  21  2:15  Metabolic Boost  
  23  2:23  Zergling x8  
  23  3:27  Zergling x6  
  23  4:02  Zergling x10  
  28  4:08  Evolution Chamber  
  27  4:40  Hatchery, Drone x3  
  27  4:44  Overlord  
  27  4:45  Overlord  
  29  4:47  Zerg Melee Weapons Level 1  
  29  4:51  Extractor  
  28  5:02  Queen  
  30  5:17  Drone x3  
  30  5:20  Drone  
  24  6:24  Zergling x2  
  24  6:25  Zergling x16  
  33  6:53  Drone x2  
  35  7:09  Drone x2  
  35  7:13  Spine Crawler  
  35  7:14  Lair  
  36  7:15  Zerg Ground Armor Level 1  
  36  7:44  Hatchery  
  35  8:08  Drone x4  
  39  8:18  Spire  
  38  8:21  Spire  
  37  9:00  Queen, Drone  
  40  9:21  Extractor  
  40  9:22  Drone  
  40  9:23  Extractor, Drone x2  
  41  9:24  Drone  
  41  9:25  Drone x2  
  44  9:37  Mutalisk  
  44  9:38  Mutalisk x6  
  48  9:41  Overlord x3  
  48  9:43  Overlord  
  58  10:00  Extractor  
  51  10:22  Mutalisk x5  
  51  10:23  Mutalisk x2  
  57  11:06  Drone x2  
  57  11:07  Drone  
  57  11:08  Overlord x2  
  57  11:09  Overlord  
  48  11:33  Mutalisk  
  48  11:34  Mutalisk x7  
  64  11:54  Drone x3  
  67  12:03  Zerg Flyer Weapons Level 1  
  67  12:04  Zerg Flyer Armor Level 1  
  59  12:59  Mutalisk  
  59  13:00  Mutalisk x8  
  77  13:30  Extractor, Drone x6  
  77  13:31  Overlord x3  
  78  14:35  Mutalisk x5  
  78  14:36  Mutalisk x7  
  78  14:37  Mutalisk  
  90  14:59  Zerg Flyer Weapons Level 2  
  90  15:04  Zerg Flyer Armor Level 2  
  90  15:31  Zergling x2  
  90  15:32  Zergling x14  
  84  16:51  Mutalisk x2  
  84  16:52  Mutalisk x10  
  100  16:55  Zergling x28  
  100  16:56  Zergling x22  
  111  17:44  Mutalisk x5  
  115  18:13  Overseer  
  115  18:29  Zerg Melee Weapons Level 2  
  115  18:36  Spore Crawler  
  113  19:01  Mutalisk  
  113  19:02  Mutalisk x6  
  115  19:05  Zergling x20  
  135  19:19  Hatchery  
  41  20:06  Corruptor x4  
  41  20:07  Overseer, Corruptor  
Show
View Real Time Build Order
Export as new Build Order

PiterFuentes Zerg 

Build Orders: 1 Base Baneling Bust, Pool First, Muta Ling Bane, Zergling Baneling 

Get SALT Encoding   

  12  0:03  Drone  
  13  0:18  Drone  
  13  0:19  Overlord  
  14  0:39  Spawning Pool  
  14  0:41  Drone  
  14  0:58  Drone x3  
  17  1:16  Extractor  
  16  1:19  Extractor  
  15  1:30  Zergling x4  
  17  1:36  Drone  
  18  1:46  Zergling x2  
  19  2:04  Drone  
  20  2:12  Baneling Nest  
  19  2:33  Drone x3  
  19  3:30  Hatchery  
  19  3:32  Queen  
  20  3:35  Zergling x2, Overlord  
  20  3:36  Zergling x2  
  20  3:37  Metabolic Boost  
  22  3:56  Hatchery  
  21  4:05  Zergling x4  
  23  4:19  Overlord x2  
  23  4:42  Baneling x3  
  23  4:43  Baneling x5  
  23  4:52  Zergling x12  
  29  4:59  Lair  
  29  5:08  Evolution Chamber  
  28  5:14  Zergling x2  
  28  5:15  Zergling x8  
  33  5:38  Drone  
  33  5:39  Drone x5  
  25  6:16  Centrifical Hooks  
  25  6:20  Zergling x2  
  25  6:21  Zergling x16  
  34  6:46  Baneling x2  
  34  6:47  Baneling x12  
  34  7:03  Drone  
  34  7:04  Drone x7  
  42  7:21  Spire  
  38  8:02  Drone  
  38  8:03  Drone x8  
  47  8:12  Infestation Pit  
  46  8:17  Extractor  
  46  8:18  Extractor  
  44  8:59  Mutalisk x2  
  44  9:02  Overlord x3  
  48  9:23  Mutalisk x7  
  55  10:40  Mutalisk  
  55  10:41  Mutalisk x7  
  71  11:06  Zerg Flyer Weapons Level 1  
  69  11:45  Overlord x3  
  51  13:06  Mutalisk  
  51  13:07  Mutalisk x8  
  51  13:11  Zerg Flyer Armor Level 1  
  69  13:27  Hive  
  69  13:32  Zerg Melee Weapons Level 1  
  69  14:00  Zergling x2  
  69  14:01  Zergling x16  
  46  14:52  Mutalisk  
  46  14:53  Mutalisk x5  
  58  15:09  Hatchery x2  
  58  15:13  Hatchery  
  55  15:16  Extractor  
  55  15:17  Extractor  
  53  15:27  Zerg Flyer Weapons Level 2  
  53  15:41  Zergling x12  
  59  15:50  Hatchery  
  59  15:51  Adrenal Glands  
  58  16:30  Zergling x2  
  58  16:31  Zergling x14  
  44  16:45  Zerg Missile Weapons Level 1  
  36  17:12  Drone  
  36  17:13  Drone x11  
  47  17:53  Extractor  
  47  17:56  Extractor  
  45  18:20  Ultralisk Cavern  
  45  18:22  Overseer  
  44  18:43  Hatchery  
  43  18:48  Hatchery  
  42  19:01  Zergling x2  
  42  19:02  Zergling x22  
  54  19:06  Baneling x7  
  54  19:07  Baneling x9  
  35  19:38  Zergling x20  
  35  19:39  Zergling x4  
  46  19:58  Baneling  
  46  19:59  Baneling x17  
  46  20:03  Zergling x12  
  46  20:04  Zergling x4  
  54  20:08  Baneling x6  
  30  20:30  Ultralisk  
  30  20:31  Ultralisk x3  
Show
View Real Time Build Order
Export as new Build Order

tigro Terran - Winner!

Build Orders:  

Get SALT Encoding   

  12  0:02  SCV  
  14  0:14  SCV  
  14  0:26  SCV  
  15  0:31  Supply Depot  
  15  0:45  Refinery  
  15  0:51  Refinery  
  15  0:52  SCV  
  15  0:54  Supply Depot  
  16  1:07  Barracks  
  16  1:08  SCV  
  17  1:20  SCV  
  18  1:32  SCV  
  19  1:44  SCV  
  20  1:54  Marine  
  20  1:56  SCV  
  22  2:08  SCV  
  22  2:12  Marine  
  22  2:13  Factory  
  24  2:21  SCV  
  25  2:25  Engineering Bay  
  25  2:30  Marine  
  26  2:43  Orbital Command  
  26  2:48  Marine  
  27  2:55  Barracks  
  27  3:02  Factory Tech Lab  
  24  3:06  Marine  
  25  3:17  Missile Turret  
  25  3:23  Marine  
  28  3:34  Siege Tank  
  28  3:41  Marine  
  29  3:59  Marine  
  30  4:21  Barracks Tech Lab  
  30  4:25  Barracks Reactor  
  30  4:36  Siege Tank  
  33  5:16  Marine x3  
  36  5:34  Marine x3  
  39  5:44  Siege Tank  
  42  5:52  Marine x3  
  42  5:54  Supply Depot  
  42  5:55  Command Center  
  45  6:10  Marine x2  
  45  6:11  Marine  
  45  6:16  Supply Depot, Siege Tank  
  48  6:28  Marine  
  49  6:37  Combat Shield  
  49  6:41  Terran Infantry Weapons Level 1  
  49  6:48  Siege Tank  
  52  7:09  Starport  
  52  7:11  Refinery  
  52  7:20  Siege Tank  
  55  7:33  Mag-Field Accelerator  
  55  7:42  SCV  
  56  7:44  Refinery  
  56  7:48  Starport  
  56  7:54  SCV  
  56  7:56  Stimpack  
  57  8:01  Marine x3  
  60  8:07  SCV  
  60  8:09  Medivac  
  63  8:19  Marine x3, SCV  
  67  8:31  SCV  
  68  8:35  Terran Infantry Armor Level 1  
  68  8:37  Marine  
  69  8:43  SCV  
  69  8:44  Starport Tech Lab  
  69  8:47  Starport Tech Lab  
  70  8:55  SCV  
  71  9:03  Fusion Core  
  71  9:07  SCV  
  72  9:19  SCV  
  73  9:26  Marine x3  
  76  9:35  Medivac  
  78  9:43  Marine  
  78  9:44  Marine x2  
  81  9:52  Armory  
  58  10:01  Marine  
  58  10:02  Marine x2  
  59  10:19  Marine x3  
  61  10:25  Medivac  
  61  10:26  Medivac  
  65  10:29  Hi-Sec Auto Tracking  
  64  10:37  Marine x3  
  65  10:46  SCV  
  66  10:55  Marine x3, Weapon Refit  
  69  10:59  SCV  
  70  11:11  SCV  
  71  11:12  Marine  
  71  11:13  Marine x2  
  74  11:23  SCV  
  72  11:26  Neosteel Armor  
  72  11:31  Marine  
  73  11:35  SCV  
  74  11:40  Battlecruiser  
  74  11:44  Battlecruiser  
  86  12:15  Missile Turret  
  80  12:35  Rapid Reignition System  
  77  12:45  Battlecruiser  
  77  12:49  Missile Turret  
  74  13:11  Missile Turret  
  74  13:39  Terran Infantry Weapons Level 2  
  74  13:40  Missile Turret  
  74  13:41  Marine  
  74  13:42  Marine x2  
  74  13:45  Battlecruiser  
  83  13:49  Battlecruiser  
  89  13:59  Marine x3  
  92  14:03  Missile Turret  
  92  14:17  Marine x2  
  92  14:23  Missile Turret  
  94  14:24  Missile Turret  
  94  14:27  Marine  
  88  14:35  Marine x2  
  84  14:44  Marine  
  74  14:47  Missile Turret  
  74  14:49  Medivac  
  76  15:02  Marine  
  77  15:08  Missile Turret  
  77  15:25  Terran Vehicle Weapons Level 1  
  77  15:28  Missile Turret  
  77  15:31  Battlecruiser  
  83  15:35  Thor  
  89  15:51  Missile Turret  
  89  15:55  Terran Infantry Armor Level 2  
  89  16:10  Missile Turret  
  89  16:25  Planetary Fortress  
  88  17:20  Terran Vehicle And Ship Armor Level 1  
  86  17:27  Missile Turret  
  83  17:47  Missile Turret  
  83  18:03  Missile Turret  
  83  18:07  Missile Turret  
  83  18:23  Missile Turret  
  83  18:30  Missile Turret  
  83  18:31  Command Center  
  83  18:40  Marine x3  
  86  18:42  Battlecruiser  
  86  18:45  Supply Depot  
  92  18:51  Missile Turret  
  92  18:57  Marine  
  92  18:58  Marine  
  94  19:06  Marine  
  94  19:07  Supply Depot  
  95  19:12  Missile Turret  
  95  19:14  Terran Ship Weapons Level 1  
  95  19:15  Marine x2  
  76  19:24  Marine  
  76  19:31  Supply Depot  
  73  19:33  Marine x2  
  73  19:36  Missile Turret  
  69  19:42  Marine  
  70  19:51  Marine x2  
  72  20:00  Marine  
  73  20:09  Marine x2  
  75  20:17  Marine  
  76  20:22  Thor  
  76  20:26  Marine  
  76  20:27  Marine  
  84  20:35  Marine  
  84  20:42  Medivac x2  
  87  20:44  Marine x2  
  85  20:53  Marine  
  86  21:02  Marine x2  
Show
View Real Time Build Order
Export as new Build Order

MrFercho Zerg - Winner!

Build Orders: Hatch First 

Get SALT Encoding   

  12  0:01  Drone  
  13  0:13  Overlord  
  13  0:18  Drone  
  14  0:33  Drone x2  
  16  0:54  Drone  
  17  0:57  Hatchery  
  17  0:58  Drone  
  17  1:02  Drone  
  18  1:09  Extractor  
  17  1:19  Spawning Pool  
  17  1:21  Drone  
  17  1:26  Drone  
  17  1:29  Drone  
  19  1:40  Drone  
  20  1:53  Drone  
  21  2:02  Overlord  
  21  2:16  Queen x2  
  21  2:21  Overlord x2  
  25  2:23  Metabolic Boost  
  25  2:28  Zergling x2  
  25  2:29  Zergling x2  
  27  2:44  Zergling x2  
  27  2:45  Zergling x6  
  25  3:20  Spine Crawler  
  25  3:21  Zergling x12  
  29  3:38  Zergling x6, Spine Crawler  
  29  3:39  Zergling x2  
  32  3:48  Drone x2  
  34  3:55  Queen  
  34  3:57  Drone x2  
  38  4:18  Lair  
  38  4:20  Extractor  
  37  4:25  Drone x5  
  42  4:37  Drone x3  
  42  4:38  Queen  
  47  4:48  Drone x4  
  51  4:56  Drone  
  52  5:07  Baneling Nest  
  52  5:08  Drone  
  52  5:11  Overlord x3  
  52  5:12  Overlord  
  52  5:30  Drone x4  
  52  5:32  Drone  
  54  6:18  Drone x2  
  54  6:19  Drone x4  
  59  6:34  Drone x3  
  59  6:35  Hatchery  
  61  6:44  Evolution Chamber  
  61  6:45  Evolution Chamber  
  59  6:47  Baneling  
  59  6:48  Baneling x12  
  59  6:56  Overseer  
  59  7:06  Extractor  
  59  7:07  Extractor  
  57  7:22  Hatchery  
  56  7:26  Zergling x2  
  56  7:27  Zergling x14  
  64  7:30  Hatchery, Centrifical Hooks  
  63  7:38  Infestation Pit  
  63  7:40  Hydralisk Den  
  60  7:58  Drone  
  60  7:59  Drone x5  
  66  8:06  Zergling x12  
  72  8:29  Muscular Augments  
  72  8:30  Zerg Missile Weapons Level 1  
  72  8:48  Hydralisk x4  
  72  8:52  Zergling x12  
  86  9:20  Drone  
  86  9:21  Drone x6  
  86  9:24  Extractor  
  92  9:25  Extractor  
  92  9:26  Zerg Ground Armor Level 1  
  91  9:34  Hive  
  91  9:35  Lurker Den  
  90  9:40  Grooved Spines  
  90  9:54  Hydralisk x5  
  81  10:25  Hydralisk x7  
  81  10:44  Drone x10  
  81  10:45  Drone  
  92  10:52  Spore Crawler  
  92  10:53  Spore Crawler  
  92  10:56  Spore Crawler  
  89  11:03  Spire  
  88  11:09  Spore Crawler  
  87  11:12  Overlord x8, Spore Crawler  
  87  11:13  Overlord x5  
  87  11:14  Spore Crawler  
  74  11:31  Hydralisk x7  
  88  11:44  Pneumatized Carapace  
  88  11:59  Spore Crawler x2  
  82  12:01  Hydralisk  
  82  12:02  Hydralisk x13, Spore Crawler x2  
  82  12:03  Spore Crawler  
  82  12:04  Spore Crawler  
  98  13:08  Drone x17  
  98  13:09  Drone x5  
  98  13:10  Drone x9  
  129  13:27  Extractor, Hatchery  
  128  13:33  Extractor  
  126  13:45  Hydralisk x12  
  126  13:46  Hydralisk  
  152  13:50  Overlord x3  
  152  14:09  Zerg Missile Weapons Level 2, Zerg Ground Armor Level 2  
  144  14:20  Hydralisk x3  
  144  14:21  Hydralisk  
  137  14:40  Hydralisk  
  137  14:41  Hydralisk x5  
  137  14:42  Hydralisk  
  151  14:50  Drone  
  151  14:51  Drone  
  151  14:52  Drone x2  
  155  14:53  Drone  
  155  14:56  Neural Parasite  
  156  15:00  Seismic Spines  
  156  15:22  Spore Crawler  
  156  15:26  Spore Crawler  
  156  15:28  Spore Crawler  
  153  15:57  Adaptive Talons  
  153  15:59  Burrow  
  153  16:28  Lurker x2  
  155  16:36  Hatchery  
  140  16:49  Hatchery  
  137  16:58  Spore Crawler  
  137  17:01  Spore Crawler x2  
  132  17:04  Spore Crawler  
  132  17:08  Spore Crawler  
  125  17:09  Spore Crawler  
  125  17:22  Hydralisk x6  
  124  17:23  Hydralisk x10  
  156  17:34  Drone x2  
  158  17:39  Hydralisk x4  
  165  17:55  Zerg Missile Weapons Level 3, Zerg Ground Armor Level 3  
  165  18:04  Greater Spire  
  165  18:12  Overlord x15  
  165  18:30  Queen  
  167  18:51  Lurker  
  167  18:52  Lurker x7  
  175  19:21  Hatchery  
  174  19:25  Extractor  
  174  19:30  Extractor  
  130  19:34  Hatchery  
  107  19:40  Hydralisk x16  
Tags
 
Add a new tag
Caveats
  • Supply blocks, unpowered buildings, or Contaminate may cause inaccurate times.
  • Supply counts are checked every 10 seconds.